 Dungeon Crawl Stone Soup version 0.22.1-1-ga44c0e56f4 (webtiles) character file.

196 Reeggar the Chopper (level 5, -1/40 HPs)
             Began as a Demonspawn Gladiator on Oct 31, 2018.
             Slain by a gnoll
             ... wielding a +0 club
              (3 damage)
             ... on level 2 of the Dungeon.
             The game lasted 00:05:58 (1760 turns).

Reeggar the Chopper (Demonspawn Gladiator)          Turns: 1760, Time: 00:05:58

Health: -1/40      AC:  6    Str: 16    XL:     5   Next: 46%
Magic:  0/5        EV: 12    Int:  9    God:
Gold:   43         SH:  0    Dex: 14    Spells: 4/4 levels left

rFire    . . .     SeeInvis .   q - +0 scythe
rCold    + . .     Gourm    .   (shield currently unavailable)
rNeg     . . .     Faith    .   j - +0 ring mail
rPois    .         Spirit   +   c - +0 helmet
rElec    .         Reflect  .   (no cloak)
rCorr    .         Harm     .   (no gloves)
MR       .....                  (no boots)
Stlth    +.........             (no amulet)
HPRegen  0.13/turn              (no ring)
MPRegen  0.09/turn              (no ring)

@: lethally poisoned (-1 -> -4), hasted, very quick
A: cold resistance 1, magic shield, freezing cloud immunity
a: no special abilities


You were on level 2 of the Dungeon.
You were not hungry.

You visited 1 branch of the dungeon, and saw 2 of its levels.

You collected 43 gold pieces.

Inventory:

Hand Weapons
 a - a +0 war axe
 q - a +0 scythe (weapon)
Armour
 b - a +0 leather armour
 c - a +0 helmet (worn)
 j - a +0 ring mail (worn)
Jewellery
 d - an uncursed ring of magical power {unknown}
 m - a cursed ring of fire {unknown}
Scrolls
 e - 4 scrolls of identify {unknown}
 g - 2 scrolls of enchant armour {unknown}
 i - a scroll of teleportation {unknown}
 k - a scroll of magic mapping {unknown}
 n - a scroll of remove curse {unknown}
 o - a scroll of enchant weapon {unknown}
Comestibles
 f - 3 rations


   Skills:
 + Level 2.8 Fighting
 + Level 4.4 Axes
 + Level 2.1 Throwing
 + Level 1.2 Armour
 + Level 3.4 Dodging
 + Level 0.1 Stealth


You had 4 spell levels left.
You didn't know any spells.
Your spell library was empty.

Dungeon Overview and Level Annotations

Branches:
Dungeon (2/15)

Altars:


Innate Abilities, Weirdness & Mutations

Your flesh is cold resistant. (rC+)
When hurt, damage is shared between your health and your magic reserves.
You are immune to freezing clouds.


Message History

The gnoll is heavily wounded.
The adder barely misses you. The gnoll hits you but does no damage.
The gnoll hits you with a whip of electrocution.
You are electrocuted!
* * * LOW HITPOINT WARNING * * *
The adder bites you but does no damage. The gnoll barely misses you. x2
You feel better. The adder bites you.
* * * LOW HITPOINT WARNING * * *
You are poisoned.
The adder poisons you! The gnoll hits you but does no damage.
The gnoll hits you with a whip of electrocution.
* * * LOW HITPOINT WARNING * * *
The adder bites you.
* * * LOW HITPOINT WARNING * * *
It was a potion of haste.
You feel yourself speed up.
* * * LOW HITPOINT WARNING * * *
You feel sick.
A rat comes into view.
The adder bites you but does no damage. The gnoll hits you with a club.
You die...

..# . ..# .. .. ...
#.#
r.#..#################
...g................
#gS#######.########
#@## #.# #.g# #.#
##.## #.# ####..## #.#
#......# #.# #......#
#.# #....).## #.#
#.......# #.#
#.......# #.#


You could see 3 gnolls, an adder and a rat (wandering).

Vanquished Creatures
  Sigmund (D:2)
  A worm (D:2)
  4 leopard geckos
  A giant cockroach (D:1)
  3 goblins
  2 hobgoblins
  A jackal (D:2)
  5 kobolds
  A quokka (D:2)
  3 ball pythons (D:1)
  4 bats
  4 frilled lizards
  6 rats
36 creatures vanquished.

Notes
Turn   | Place    | Note
-------+----------+-------------------------------------------
     0 | D:1      | Reeggar the Demonspawn Gladiator began the quest for the
                  | Orb.
     0 | D:1      | Reached XP level 1. HP: 16/16 MP: 1/1
   428 | D:1      | Gained mutation: Your flesh is cold resistant. (rC+)
                  | [demonic ancestry]
   428 | D:1      | Reached XP level 2. HP: 22/22 MP: 2/2
   489 | D:1      | Reached skill level 3 in Axes
   998 | D:2      | Gained mutation: When hurt, damage is shared between your
                  | health and your magic reserves. [demonic ancestry]
   998 | D:2      | Reached XP level 3. HP: 19/27 MP: 3/3
  1484 | D:2      | Noticed Sigmund
  1498 | D:2      | Killed Sigmund
  1498 | D:2      | Reached skill level 4 in Axes
  1498 | D:2      | Reached skill level 1 in Armour
  1498 | D:2      | Gained mutation: You are immune to freezing clouds.
                  | [demonic ancestry]
  1498 | D:2      | Reached XP level 4. HP: 9/34 MP: 0/4
  1498 | D:2      | Reached XP level 5. HP: 10/40 MP: 0/5
  1760 | D:2      | HP: 2/40 [poisoned by an adder]
  1760 | D:2      | Slain by a gnoll

Skill      XL: |  1  2  3 |
---------------+----------+-----
Axes           | 3 4 |  4.4
Dodging        | 3 |  3.4
Throwing       | 2 |  2.1
Armour         | 1 |  1.2
Fighting       | |  2.8
Stealth        | |  0.1

Action                   |  1- 3 |  4- 6 || total
-------------------------+-------+-------++-------
Melee: War axe           |    81 |       ||    81
       Scythe            |       |     9 ||     9
Throw: Throwing net      |     7 |       ||     7
  Use: Potion            |     1 |     3 ||     4
 Stab: Held in net/web   |     1 |       ||     1
  Eat: Ration            |     1 |       ||     1
       Chunk             |     1 |       ||     1
Armor: Leather armour    |    14 |       ||    14
       Ring mail         |    25 |     5 ||    30
Dodge: Dodged            |    74 |    16 ||    90
